 Dungeon Crawl Stone Soup version 0.20.0-10-g0535bb4 (webtiles) character file.

5456 grindst0ne the Protected (level 10, -3/59 HPs)
             Began as a Gargoyle Fighter on June 7, 2017.
             Was a High Priest of Okawaru.
             Slain by a sphinx (5 damage)
             ... while paralysed by a sphinx
             ... on level 9 of the Dungeon.
             The game lasted 00:13:50 (7584 turns).

grindst0ne the Protected (Gargoyle Fighter)         Turns: 7584, Time: 00:13:51

Health: -3/59      AC: 28    Str: 21    XL:     10   Next: 68%
Magic:  10/10      EV:  2    Int:  8    God:    Okawaru [*****.]
Gold:   611        SH:  0    Dex: 12    Spells: 9/9 levels left

rFire    . . .     SeeInvis .   a - +0 war axe
rCold    . . .     Gourm    .   C - +0 buckler
rNeg     + . .     Faith    .   s - +0 plate armour
rPois    ∞         Spirit   .   e - +0 helmet
rElec    +         Reflect  .   z - +0 cloak
rCorr    .         Harm     .   K - +1 pair of gloves
MR       .....                  (no boots)
Stlth    ..........             x - amulet of regeneration
Regen    0.6/turn               l - +4 ring of evasion
MPRegen  0.2/turn               r - ring of flight

@: paralysed, slowed
A: negative energy resistance 1, electricity resistance, unbreathing,
petrification resistance, rot immunity, AC +7
a: Heroism, Finesse, Renounce Religion, Evoke Flight


You were on level 9 of the Dungeon.
You worshipped Okawaru.
Okawaru was extremely pleased with you.
You were hungry.

You visited 2 branches of the dungeon, and saw 10 of its levels.
You also visited: Sewer.

You collected 611 gold pieces.

Inventory:

Hand Weapons
 a - a +0 war axe (weapon)
 A - a +0 battleaxe
 N - a +1 falchion of flaming
Armour
 b - a +0 scale mail
 c - a +0 shield
 e - a +0 helmet (worn)
 o - a +0 pair of gloves
 s - a +0 plate armour (worn)
 z - a +0 cloak (worn)
 C - a +0 buckler (worn)
 K - a +1 pair of gloves (worn)
Jewellery
 l - a +4 ring of evasion (left hand)
 m - an uncursed amulet of magic regeneration
 r - a ring of flight (right hand)
 x - an amulet of regeneration (around neck)
Wands
 g - a wand of disintegration (0/24)
 H - a wand of iceblast (3/15)
 I - a wand of scattershot (2/9)
 M - a wand of polymorph (6/24)
 P - a wand of acid (6/15)
Scrolls
 h - a scroll of amnesia
 i - 3 scrolls of teleportation
 p - 4 scrolls of remove curse
 y - 3 scrolls of fog
 E - 2 scrolls of noise {unknown}
 L - a scroll of acquirement {unknown}
 O - 2 scrolls of identify
Potions
 d - 4 potions of might
 n - 2 potions of lignification
 q - 3 potions of curing
 u - 2 potions of magic
 w - 2 potions of agility
 B - 3 potions of berserk rage
 D - a potion of brilliance {unknown}
 F - 2 potions of resistance {unknown}
 G - a potion of cancellation {unknown}
 J - a potion of haste {unknown}
Comestibles
 f - 6 bread rations
 j - 10 royal jellies
 k - 23 fruits
 v - 4 meat rations


   Skills:
 - Level 5.0 Fighting
 + Level 9.7 Axes
 + Level 12.3 Armour
 - Level 3.2 Shields


You had 9 spell levels left.
You didn't know any spells.

Dungeon Overview and Level Annotations

Branches:
Dungeon (9/15)             Temple (1/1) D:5
   Lair: D:8-11         Orc: D:9-12

Altars:
Ashenzari
Cheibriados
Dithmenos
Elyvilon
Fedhas
Gozag
Hepliaklqana
Kikubaaqudgha
Makhleb
Nemelex Xobeh
Okawaru
Qazlal
Ru
Sif Muna
Trog
Uskayaw
Vehumet
Xom
Yredelemnul
Zin
The Shining One


Innate Abilities, Weirdness & Mutations

You are resistant to torment.
Your stone body is resilient. (AC +7)
You are immune to poison.
You resist negative energy. (rN+)
You are resistant to electric shocks. (rElec)
You can survive without breathing.
You are immune to petrification.
You are immune to rotting.


Message History

You feel less confused.
The sphinx hits you but does no damage. x2; You block the sphinx's attack.
Evoke which item? (* to show all) (? for menu, Esc to quit)
You don't have any such object.
Evoke which item? (* to show all) (? for menu, Esc to quit)
Okay, then.
Evoke which item? (* to show all) (? for menu, Esc to quit)
Aiming: Scattershot (will waste charges)
Press: ? - help, Shift-Dir - straight line, f - sphinx
Aim: a sphinx (heavily wounded)
The burst of metal fragments hits the sphinx. x3
The sphinx is heavily wounded.
Evoking this partially-identified wand wasted a few charges.
The sphinx hits you!
* * * LOW HITPOINT WARNING * * *
The sphinx hits you but does no damage. x2
The sphinx mumbles some strange words.
You suddenly lose the ability to move!
The sphinx hits you but does no damage. x2; The sphinx hits you.
You die...

................#.
................#.
................#.
#####.............#.
#...##............#. #
#.#............#. #.
#.#............#.
#.###H#............#. .
#..@##............#.
....##'##.......>.....#.
#....................#.
#......................
#......................
#....[.................
#......................
#......................
#......................


You could see a sphinx.

Vanquished Creatures
  A hydra (D:8)
  2 two-headed ogres
  A gargoyle (D:7)
  2 hippogriffs
  2 dream sheep (D:8)
  A wyvern (D:8)
  A hungry ghost (D:8)
  2 yaks (D:8)
  Purgy (Sewer)
  A sky beast (D:7)
  An ogre (D:8)
  3 big kobolds (D:8)
  A bullfrog (D:8)
  A wyvern skeleton (D:9)
  3 scorpions
  4 killer bees (D:8)
  2 howler monkeys (D:8)
  A centaur zombie (D:7)
  Crazy Yiuf (D:5)
  3 hounds
  4 jellies
  3 orc priests
  5 orc wizards
  7 worker ants
  2 iguanas
  A hound skeleton (D:7)
  4 worker ant zombies
  8 adders
  A gnoll (D:1)
  2 oozes
  An adder zombie (D:7)
  4 worms
  A dart slug (D:3)
  6 leopard geckos
  10 orcs
  12 bats
  8 giant cockroaches
  11 goblins
  9 hobgoblins
  4 jackals (D:2)
  2 quokkas
  A ball python (D:3)
  7 frilled lizards
  5 kobolds
  A leopard gecko skeleton (D:6)
  2 quokka skeletons (D:7)
  A quokka zombie (D:5)
  6 rats
  A fungus (D:5)
163 creatures vanquished.

Notes
Turn   | Place    | Note
-------+----------+-------------------------------------------
     0 | D:1      | grindst0ne the Gargoyle Fighter began the quest for the Orb.
     0 | D:1      | Reached XP level 1. HP: 14/14 MP: 1/1
    60 | D:1      | Reached XP level 2. HP: 20/20 MP: 2/2
   311 | D:1      | Reached XP level 3. HP: 23/24 MP: 3/3
   723 | D:2      | Reached skill level 5 in Fighting
   886 | D:2      | Reached XP level 4. HP: 30/31 MP: 4/4
  1151 | D:2      | Reached skill level 4 in Armour
  1737 | D:3      | Reached XP level 5. HP: 35/35 MP: 5/5
  2004 | D:4      | Reached skill level 5 in Armour
  2784 | D:4      | Found an ancient bone altar of Kikubaaqudgha.
  2798 | D:4      | Reached skill level 6 in Armour
  2798 | D:4      | Reached XP level 6. HP: 40/40 MP: 6/6
  3032 | D:5      | Entered Level 5 of the Dungeon
  3339 | D:6      | Found a blossoming altar of Fedhas.
  3467 | D:6      | Found a hide-covered altar of Uskayaw.
  3626 | D:6      | Found a glowing drain.
  3643 | Sewer    | Entered a sewer
  3682 | Sewer    | Noticed Purgy
  3715 | Sewer    | Killed Purgy
  3715 | Sewer    | Reached XP level 7. HP: 44/44 MP: 7/7
  3858 | D:5      | Reached skill level 7 in Armour
  3864 | D:5      | Found an opulent altar of Gozag.
  4024 | D:5      | Found a staircase to the Ecumenical Temple.
  4047 | Temple   | Entered the Ecumenical Temple
  4056 | Temple   | Became a worshipper of Warmaster Okawaru
  4446 | D:5      | Found a runed door.
  4450 | D:5      | Noticed Crazy Yiuf
  4457 | D:5      | Killed Crazy Yiuf
  4567 | D:6      | Noticed a hippogriff
  4579 | D:6      | Killed a hippogriff
  4579 | D:6      | Reached * piety under Okawaru
  4842 | D:6      | Reached XP level 8. HP: 48/49 MP: 8/8
  4952 | D:6      | Reached skill level 8 in Armour
  5111 | D:6      | You fall through a shaft for 2 floors!
  5154 | D:7      | Reached skill level 5 in Axes
  5612 | D:7      | Noticed a two-headed ogre
  5628 | D:7      | Killed a two-headed ogre
  5628 | D:7      | Reached ** piety under Okawaru
  5628 | D:7      | Reached skill level 9 in Armour
  5628 | D:7      | Reached XP level 9. HP: 17/54 MP: 9/9
  5747 | D:7      | Found a glowing golden altar of the Shining One.
  5857 | D:7      | Noticed a gargoyle
  5877 | D:7      | Killed a gargoyle
  5877 | D:7      | Reached skill level 10 in Armour
  6060 | D:7      | Found a blossoming altar of Fedhas.
  6566 | D:8      | Reached *** piety under Okawaru
  6699 | D:8      | Reached skill level 11 in Armour
  6921 | D:8      | Reached XP level 10. HP: 59/59 MP: 10/10
  6929 | D:8      | Reached **** piety under Okawaru
  6959 | D:8      | Noticed a two-headed hydra
  6969 | D:8      | Killed a two-headed hydra
  7071 | D:8      | Noticed a two-headed ogre
  7086 | D:8      | Killed a two-headed ogre
  7086 | D:8      | Reached ***** piety under Okawaru
  7086 | D:8      | Reached skill level 12 in Armour
  7386 | D:9      | Found a white marble altar of Elyvilon.
  7497 | D:9      | Noticed a sphinx
  7552 | D:9      | Paralysed by a sphinx for 7 turns
  7568 | D:9      | Paralysed by a sphinx for 5 turns
  7583 | D:9      | HP: 1/59 [sphinx (13)]
  7583 | D:9      | Paralysed by a sphinx for 7 turns
  7584 | D:9      | Slain by a sphinx

Skill      XL: |  1  2  3  4  5  6  7  8  9 10 |
---------------+-------------------------------+-----
Fighting       | 4 5 |  5.0
Armour         | 4 6 7 9 11 12 | 12.3
Axes           | 3 4 6 8 9 |  9.7
Shields        | |  3.2

Action                   |  1- 3 |  4- 6 |  7- 9 | 10-12 || total
-------------------------+-------+-------+-------+-------++-------
Melee: War axe           |   119 |   277 |   379 |   108 ||   883
Invok: Heroism           |       |       |     1 |     1 ||     2
Evoke: Wand              |       |       |       |     8 ||     8
  Use: Scroll            |       |     7 |     5 |       ||    12
       Potion            |       |       |     2 |     5 ||     7
  Eat: Chunk             |       |    10 |    10 |     1 ||    21
       Bread ration      |       |       |     1 |       ||     1
Armor: Scale mail        |    42 |       |       |       ||    42
       Plate armour      |    19 |   262 |   275 |   213 ||   769
       Skin              |       |       |     8 |       ||     8
Dodge: Dodged            |    55 |   121 |   178 |    73 ||   427
Block: Shield            |    81 |   187 |    34 |       ||   302
       Buckler           |       |       |    66 |    29 ||    95
